 Dungeon Crawl Stone Soup version 0.22-a0-259-gdd11e71 (webtiles) character file.

13153 Amnesiac the Geomancer (level 11, 46/46 HPs)
             Began as a Felid Earth Elementalist on Mar 5, 2018.
             Was a Believer of Ashenzari.
             Quit the game on level 3 of the Lair of Beasts.
             The game lasted 00:47:32 (17617 turns).

Amnesiac the Geomancer (Felid Earth Elementalist)  Turns: 17617, Time: 00:47:32

Health: 46/46      AC:  7    Str:  4    XL:     11   Next: 71%
Magic:  25/25      EV: 27    Int: 21    God:    Ashenzari [**....]
Gold:   813        SH:  0    Dex: 22    Spells: 1/28 levels left
                                        Lives:  1   Deaths: 2

rFire    + . .     SeeInvis +     - Unarmed
rCold    + . .     Gourm    .   (shield unavailable)
rNeg     . . .     Faith    .   (armour unavailable)
rPois    .         Spirit   .   (helmet unavailable)
rElec    .         Reflect  .   (cloak unavailable)
rCorr    .         Harm     .   (gloves unavailable)
MR       ++...                  (boots unavailable)
Stlth    ++++++....             (no amulet)
HPRegen  0.15/turn              i - ring of protection from magic
MPRegen  0.19/turn              u - +5 ring of dexterity (curse)

@: quick
A: very small, no armour, no weapons or thrown items, stealth, claws 1, fangs 3,
iridescent scales 1, yellow scales 1, see invisible, carnivore, fire resistance
1, speed 1, frail 1, shaggy fur 3, slow metabolism 1, sharp paws
a: Curse Item, Scrying, Renounce Religion


You were on level 3 of the Lair of Beasts.
You worshipped Ashenzari.
Ashenzari was pleased with you.
You were not hungry.

You visited 3 branches of the dungeon, and saw 15 of its levels.
You also visited: Bailey.

You collected 813 gold pieces.

Inventory:

Missiles
 n - 56 stones
Jewellery
 i - a ring of protection from magic (left paw)
 u - a cursed +5 ring of dexterity (right paw)
 B - an uncursed ring of fire
Wands
 j - a wand of paralysis (31)
 p - a wand of disintegration (6)
 t - a wand of polymorph (14)
 v - a wand of acid (6)
 C - a wand of clouds (7)
 E - a wand of random effects (15)
 H - a wand of flame (26)
 J - a wand of scattershot (7)
Scrolls
 d - 2 scrolls of magic mapping {!r}
 e - 6 scrolls of teleportation {!r}
 f - 8 scrolls of remove curse {!r}
 g - 2 scrolls of amnesia {!r}
 q - a scroll of fear {!r}
 y - a scroll of fog {!r}
 D - a scroll of holy word {!r, unknown}
 F - a scroll of enchant armour {!r, unknown}
 I - 2 scrolls of identify {!r}
Potions
 a - 2 potions of heal wounds {!q}
 k - a potion of might {!q}
 l - 2 potions of magic {!q, unknown}
 m - a potion of haste {!q}
 o - 3 potions of brilliance {!q}
 r - 2 potions of cancellation {!q, unknown}
 s - 2 potions of flight {!q, unknown}
 w - 2 potions of ambrosia {!q, unknown}
 x - 2 potions of lignification {!q, unknown}
 z - a potion of mutation {!q}
 A - 2 potions of curing {!q}
 G - a potion of agility {!q, unknown}
Miscellaneous
 b - a lamp of fire
Comestibles
 c - 34 rations


   Skills:
 + Level 8.5 Fighting
 - Level 9.2 Dodging
 - Level 11.5 Stealth
 - Level 4.0 Unarmed Combat
 - Level 9.0 Spellcasting
 - Level 6.6 Transmutations
 - Level 12.0 Earth Magic


You had one spell level left.
You knew the following spells:

 Your Spells              Type           Power        Failure   Level  Hunger
a - Sandblast             Erth           ######       1%          1    None
b - Passwall              Tmut/Erth      #####.....   1%          2    None
c - Mephitic Cloud        Conj/Pois/Air  #.......     22%         3    None
d - Lee's Rapid Deconstr  Erth           ######....   1%          5    #####..
e - Petrify               Tmut/Erth      #####...     1%          4    ###....
f - Apportation           Tloc           #.....       7%          1    None
g - Poisonous Vapours     Pois/Air       #.....       11%         2    None
r - Regeneration          Chrm/Necr      #.........   22%         3    None
s - Conjure Flame         Conj/Fire      #.......     22%         3    None
v - Blink                 Tloc           N/A          11%         2    None
z - Confusing Touch       Hex            #.....       7%          1    None


Dungeon Overview and Level Annotations

Branches:
Dungeon (11/15)            Temple (1/1) D:5            Lair (3/6) D:9
  Swamp (0/4) Lair:3        Snake (0/4) Lair:2          Orc (0/2) D:10

Altars:
Ashenzari
Cheibriados
Dithmenos
Elyvilon
Fedhas
Gozag
Hepliaklqana
Kikubaaqudgha
Makhleb
Nemelex Xobeh
Okawaru
Qazlal
Ru
Sif Muna
Trog
Uskayaw
Vehumet
Wu Jian
Xom
Yredelemnul
Zin
The Shining One
Beogh

Annotations:
D:4 ThereIsNoGod's ghost, amateur SpVM


Innate Abilities, Weirdness & Mutations

You cannot wear armour.
You are incapable of wielding weapons or throwing items.
Your paws allow you to move quietly. (Stealth)
You have sharp claws.
You have razor-sharp teeth.
You have supernaturally acute eyesight. (SInv)
You are carnivorous and can eat meat at any time.
You cover ground quickly.
Your thick and shaggy fur keeps you warm. (AC +3, rC+)
You have a slow metabolism.
Your sharp claws are effective at attacking unaware monsters.
You are partially covered in iridescent scales. (AC +2)
You are partially covered in yellow scales. (AC +2)
Your flesh is heat resistant. (rF+)
You are frail. (-10% HP)


Message History

n - 56 stones You see here a porcupine corpse.
You butcher the porcupine corpse.
h - a chunk of flesh You start resting.
Eating a chunk of flesh.
You eat the chunk of flesh.
This raw flesh tastes great.
Magic restored.
You see here a killer bee corpse.
c - 28 rations (gained 1)
You see here a killer bee corpse.
c - 29 rations (gained 1)
You see here a killer bee corpse.
c - 30 rations (gained 1)
c - 31 rations (gained 1)
c - 32 rations (gained 1)
c - 33 rations (gained 1)
You see here a killer bee corpse.
Things that are here:
a queen bee corpse; a killer bee corpse
There is an open door here.
There is an open door here.
You open the door.
A six-headed hydra comes into view.
The six-headed hydra moves out of view.
Found a ration.
Unknown command.
Casting: Sandblast (safe; 1% risk of failure)
Confirm with . or Enter, or press ? or * to list all spells.
You can't see any susceptible monsters within range! (Use Z to cast anyway.)
Casting: Sandblast (safe; 1% risk of failure)
Confirm with . or Enter, or press ? or * to list all spells.
Aiming: Petrify (safe; 1% risk of failure)
Press: ? - help, Shift-Dir - straight line, f - six-headed hydra
Aim: a six-headed hydra (hasn't noticed you, chance to defeat MR: 37%)
The six-headed hydra roars!
The six-headed hydra easily resists.
Casting: Petrify (safe; 1% risk of failure)
Confirm with . or Enter, or press ? or * to list all spells.
Aiming: Petrify (safe; 1% risk of failure)
Press: ? - help, Shift-Dir - straight line, f/p - six-headed hydra
Aim: a six-headed hydra (chance to defeat MR: 37%)
The six-headed hydra is moving more slowly.
Unknown command.
The six-headed hydra stops moving altogether!
There is an open door here.
The helpless six-headed hydra fails to defend itself.
You eviscerate the six-headed hydra!!!
The six-headed hydra is moderately wounded.
The helpless six-headed hydra fails to defend itself.
You eviscerate the six-headed hydra!!!
The six-headed hydra is severely wounded.
The helpless six-headed hydra fails to defend itself.
You eviscerate the six-headed hydra!!!
You kill the six-headed hydra!
You see here a hydra corpse.
c - 34 rations (gained 1)
You start resting.
Magic restored.
You see here a hydra corpse.
Done exploring.
Done exploring.
Done exploring.
Done exploring.
Are you sure you want to abandon this character and quit the game? (Confirm with "yes".)

....# ##.# ...##
#.# ...## ###.#
....# #...# #.###
#..## ### #..# #
#####..## ####
###..#....###
...####.....#...@.#
.....####...P.#.P##
.....##.........##
...#..'†#P.##...#
##.#P##.........#
#########.######
###


There were no monsters in sight!

Vanquished Creatures
  3 hydras
  4 two-headed ogres
  3 orc knights (Bailey)
  Pikel (D:7)
  Joseph (D:7)
  5 elephants (Lair:3)
  A black mamba (Lair:2)
  2 spiny frogs
  A rime drake (Lair:3)
  2 komodo dragons (Lair:2)
  A troll (D:10)
  A queen bee (Lair:3)
  Prince Ribbit (D:5)
  3 hippogriffs
  18 blink frogs
  Sigmund (D:3)
  2 wyverns
  4 yaks (Lair:2)
  A basilisk (D:10)
  4 hogs (D:10)
  A human (D:10)
  Menkaure (D:5)
  A hungry ghost (D:9)
  3 swamp worms (Lair:3)
  7 water moccasins
  2 nagas (Lair:2)
  Duvessa (D:5)
  11 orc warriors
  6 porcupines
  A sky beast (D:10)
  2 ice beasts
  A phantom (D:5)
  7 ogres
  3 centaurs
  6 wolves (Lair:1)
  6 crocodiles
  A big kobold (D:10)
  12 bullfrogs
  A water moccasin zombie (D:7)
  Dowan (D:5)
  3 scorpions
  19 killer bees (Lair:3)
  5 wights (D:7)
  3 howler monkeys
  An electric eel (Lair:3)
  5 crimson imps
  2 bullfrog zombies
  2 bullfrog skeletons
  5 orc priests
  6 hounds
  4 jellies
  8 orc wizards
  8 iguanas
  7 worker ants
  A hound skeleton (D:7)
  A howler monkey zombie (D:10)
  A worker ant zombie (D:6)
  11 adders
  3 shadow imps
  An ooze (D:7)
  3 adder skeletons
  An adder zombie (D:7)
  3 worms
  3 dart slugs
  12 leopard geckos
  42 orcs
  7 bats
  2 giant cockroaches (D:3)
  5 goblins
  2 hobgoblins (D:2)
  18 jackals
  13 kobolds
  5 quokkas
  A ball python skeleton (D:6)
  A frilled lizard (D:10)
  6 rats
353 creatures vanquished.

Vanquished Creatures (others)
  6 fungi
  3 plants
9 creatures vanquished.

Grand Total: 362 creatures vanquished

Notes
Turn   | Place    | Note
-------+----------+-------------------------------------------
     0 | D:1      | Amnesiac the Felid Earth Elementalist began the quest for the Orb.
     0 | D:1      | Reached XP level 1. HP: 7/7 MP: 4/4
   337 | D:1      | Reached skill level 3 in Earth Magic
   337 | D:1      | Reached XP level 2. HP: 11/11 MP: 3/6
   383 | D:1      | Learned a level 2 spell: Passwall
   415 | D:2      | Found a blossoming altar of Fedhas.
   795 | D:3      | Reached XP level 3. HP: 13/14 MP: 7/7
  1003 | D:3      | Found an opulent altar of Gozag.
  1176 | D:4      | Noticed a scorpion
  1245 | D:4      | Noticed ThereIsNoGod's ghost (amateur SpVM)
  1423 | D:4      | Noticed a scorpion
  1843 | D:4      | Reached XP level 4. HP: 18/18 MP: 4/9
  1915 | D:4      | Reached skill level 1 in Unarmed Combat
  1915 | D:4      | Reached skill level 4 in Earth Magic
  2006 | D:4      | Learned a level 1 spell: Confusing Touch
  2011 | D:4      | Learned a level 4 spell: Petrify
  2110 | D:4      | Reached XP level 5. HP: 21/21 MP: 4/10
  2148 | D:4      | Noticed an ogre
  2164 | D:4      | Killed an ogre
  2291 | D:4      | Noticed an ice beast
  2336 | D:4      | Gained mutation: You are covered in thick fur. (AC +2) [Felid growth]
  2336 | D:4      | Reached XP level 6. HP: 24/24 MP: 6/12
  2381 | D:4      | Killed an ice beast
  2381 | D:4      | Reached skill level 5 in Earth Magic
  2634 | D:5      | Entered Level 5 of the Dungeon
  2737 | D:5      | Found an ornate altar of the Wu Jian Council.
  2818 | D:5      | Noticed Menkaure
  2831 | D:5      | Killed Menkaure
  2831 | D:5      | Reached XP level 7. HP: 19/27 MP: 9/14
  3137 | D:5      | Learned a level 5 spell: Lee's Rapid Deconstruction
  3205 | D:5      | Noticed Duvessa
  3205 | D:5      | Noticed Dowan
  3250 | D:5      | Killed Duvessa
  3250 | D:5      | Reached skill level 6 in Earth Magic
  3304 | D:5      | Killed Dowan
  3325 | D:5      | Found a staircase to the Ecumenical Temple.
  3338 | Temple   | Entered the Ecumenical Temple
  3955 | D:5      | Noticed Prince Ribbit
  3959 | D:5      | Killed Prince Ribbit
  3959 | D:5      | Reached XP level 8. HP: 30/31 MP: 7/16
  3971 | D:5      | Gained mutation: Your spells are a little easier to cast, but a little less powerful. [potion of mutation]
  3971 | D:5      | Gained mutation: You can translocate small distances at will. [potion of mutation]
  3975 | D:5      | Reached skill level 7 in Earth Magic
  5145 | D:3      | Noticed Sigmund
  5194 | D:3      | Reached skill level 5 in Spellcasting
  5367 | D:3      | Killed Sigmund
  6090 | D:5      | Reached skill level 5 in Stealth
  6568 | D:6      | Reached skill level 8 in Earth Magic
  6913 | D:6      | Reached XP level 9. HP: 32/34 MP: 7/18
  7818 | D:7      | Found a shattered altar of Ashenzari.
  7823 | D:7      | Became a worshipper of Ashenzari the Shackled
  8529 | D:7      | Found a bloodstained altar of Trog.
  8663 | D:7      | Found a hazy altar of Hepliaklqana.
  8907 | D:7      | Lost mutation: Your spells are a little easier to cast, but a little less powerful. [potion of mutation]
  8907 | D:7      | Lost mutation: You can translocate small distances at will. [potion of mutation]
  8907 | D:7      | Gained mutation: Your flesh is heat resistant. (rF+) [potion of mutation]
  8907 | D:7      | Gained mutation: You are frail. (-10% HP) [potion of mutation]
  8907 | D:7      | Gained mutation: You are partially covered in iridescent scales. (AC +2) [potion of mutation]
  8907 | D:7      | Gained mutation: You are partially covered in yellow scales. (AC +2) [potion of mutation]
  8923 | D:7      | Reached skill level 9 in Earth Magic
  8954 | D:7      | Noticed Joseph
  8966 | D:7      | Killed Joseph
  8978 | D:7      | Noticed Pikel
  8995 | D:7      | Killed Pikel
  9451 | D:8      | Found a radiant altar of Vehumet.
  9490 | D:8      | Reached XP level 10. HP: 33/33 MP: 18/21
  9513 | D:8      | Found a roughly hewn altar of Beogh.
  9525 | D:8      | Reached skill level 10 in Earth Magic
 10511 | D:8      | Found a shadowy altar of Dithmenos.
 10776 | D:9      | Noticed a two-headed ogre
 10785 | D:9      | Killed a two-headed ogre
 10826 | D:9      | Found a flagged portal.
 10888 | Bailey   | Entered a bailey
 11031 | Bailey   | Slain by an orc warrior
 11032 | Bailey   | Reached XP level 9. HP: -4/30 MP: 17/21
 11054 | Bailey   | Noticed an orc knight
 11066 | Bailey   | Noticed an orc knight
 11069 | Bailey   | Noticed an orc knight
 11070 | Bailey   | Learned a level 3 spell: Mephitic Cloud
 11074 | Bailey   | Killed an orc knight
 11074 | Bailey   | Reached skill level 10 in Stealth
 11074 | Bailey   | Reached skill level 11 in Earth Magic
 11081 | Bailey   | Killed an orc knight
 11081 | Bailey   | Reached XP level 10. HP: 33/33 MP: 11/22
 11084 | Bailey   | Killed an orc knight
 11390 | D:9      | Reached * piety under Ashenzari
 11491 | D:9      | Identified First Steps in Witchcraft
 11608 | D:9      | Noticed a two-headed ogre
 11618 | D:9      | Killed a two-headed ogre
 11620 | D:9      | Found a staircase to the Lair.
 11742 | D:9      | Noticed a two-headed ogre
 12025 | D:9      | Found a deep blue altar of Sif Muna.
 12043 | D:9      | Learned a level 3 spell: Regeneration
 12176 | D:9      | Killed a two-headed ogre
 12224 | D:10     | Entered Level 10 of the Dungeon
 12272 | D:10     | Noticed a two-headed ogre
 12310 | D:10     | Killed a two-headed ogre
 12392 | D:10     | Reached XP level 11. HP: 34/36 MP: 8/24
 12393 | D:10     | Reached skill level 12 in Earth Magic
 12632 | D:10     | Found a staircase to the Orcish Mines.
 12755 | D:10     | Found a roughly hewn altar of Beogh.
 13648 | Lair:1   | Entered Level 1 of the Lair of Beasts
 13832 | Lair:1   | Reached ** piety under Ashenzari
 13835 | Lair:1   | Reached skill level 5 in Transmutations
 14254 | Lair:1   | Noticed a six-headed hydra
 14269 | Lair:1   | Killed a six-headed hydra
 14751 | Lair:2   | Learned a level 2 spell: Blink
 14753 | Lair:2   | Learned a level 1 spell: Apportation
 14756 | Lair:2   | Learned a level 2 spell: Poisonous Vapours
 14760 | Lair:2   | Learned a level 3 spell: Conjure Flame
 14780 | Lair:2   | Reached skill level 5 in Dodging
 15265 | Lair:2   | Found a staircase to the Snake Pit.
 15266 | Lair:2   | Reached skill level 5 in Fighting
 15280 | Lair:2   | Noticed a five-headed hydra
 15288 | Lair:2   | Gained mutation: Your thick and shaggy fur keeps you warm. (AC +3, rC+) [Felid growth]
 15288 | Lair:2   | Reached XP level 12. HP: 42/45 MP: 2/26
 15310 | Lair:2   | Killed a five-headed hydra
 17000 | Lair:3   | Found a staircase to the Swamp.
 17171 | Lair:3   | Mangled by a swamp worm
 17172 | Lair:3   | Reached XP level 11. HP: -6/45 MP: 13/25
 17550 | Lair:3   | Noticed a six-headed hydra
 17561 | Lair:3   | Killed a six-headed hydra
 17617 | Lair:3   | Quit the game

Vault maps used:
D:1:      minmay_arrival_wavy_path, minmay_pentomino_o2
D:2:      fedhas_altar_3
D:3:      lemuel_tele_altar, uniq_sigmund
D:4:      first_ration
D:5:      kennysheep_mini, minmay_temple_entry_statues_pillars, uniq_duvessa,
          uniq_prince_ribbit1, uniq_menkaure
D:6:      grunt_ministairs_14
D:7:      nicolae_overflow_crystal_walls, bloody_trog, lemuel_doored_altar,
          uniq_pikel, uniq_joseph
D:8:      vehumet_crystals, kennysheep_little_box, special_room
D:9:      led_sif_book, lair_entry_dummy, enter_bailey_8
D:10:     minmay_orc_entry_temple_small, grunt_livestock,
          minmay_tree_intersection, minmay_lizard_king
D:11:     lemuel_mausoleum_altar_kikubaaqudgha
Temple:   regret_index_temple_generic_petals
Lair:1:   beast_lair_carwin_large_2
Lair:2:   minmay_snake_entry_guardpost_medium, lemuel_fruit_fields
Lair:3:   nicolae_swamp_entry_splash_gauntlet, special_room, minivault_27
Bailey:   bailey_polearm_1, bailey

Skill      XL: |  1  2  3  4  5  6  7  8  9 10 11 12 |
---------------+-------------------------------------+-----
Earth Magic    | 3 4 5 6 8 11 10 12 | 12.0
Stealth        | 3 6 10 11 | 11.5
Unarmed Combat | 1 2 3 4 |  4.0
Spellcasting   | 3 4 5 6 8 9 |  9.0
Transmutations | 6 |  6.6
Dodging        | 5 9 |  9.2
Fighting       | 8 7 |  8.5

Action                   |  1- 3 |  4- 6 |  7- 9 | 10-12 || total
-------------------------+-------+-------+-------+-------++-------
Melee: Unarmed           |    39 |     2 |   295 |   214 ||   550
       Bite              |     3 |     1 |    19 |    27 ||    50
       Punch             |       |       |     6 |     4 ||    10
 Cast: Sandblast         |    47 |    55 |    70 |   139 ||   311
       Passwall          |    16 |     1 |    17 |    19 ||    53
       Petrify           |       |       |    35 |    80 ||   115
       Lee's Rapid Decon |       |       |     6 |    44 ||    50
       Confusing Touch   |       |       |     1 |     1 ||     2
       Mephitic Cloud    |       |       |     2 |     3 ||     5
Invok: Curse Item        |       |       |       |     1 ||     1
  Use: Scroll            |       |       |    12 |     1 ||    13
       Potion            |       |       |     8 |     3 ||    11
 Stab: Sleeping          |     4 |     1 |    24 |    22 ||    51
       Petrified         |       |       |    42 |    75 ||   117
       Petrifying        |       |       |     9 |     6 ||    15
       Confused          |       |       |     1 |     1 ||     2
       Invisible         |       |       |     1 |     1 ||     2
  Eat: Chunk             |     8 |     4 |    20 |    45 ||    77
Armor: Skin              |     2 |       |    20 |    28 ||    50
Dodge: Dodged            |    63 |     6 |   232 |   254 ||   555

Table legend:
 A = Spawn XP
 B = Non-spawn XP
 C = Spawn XP percentage of total XP
 D = Spawn monster count
 E = Non-spawn monster count
 F = Spawn count percentage of total count
 G = Total turns spent on level
                    A         B        C        D         E        F      G
               +---------+---------+-------+---------+---------+-------+---------
         Total |       0 |   36750 |   0.0 |       0 |     353 |   0.0 | 17617
               +---------+---------+-------+---------+---------+-------+---------
           D:1 |       0 |      27 |   0.0 |       0 |      14 |   0.0 |   880
           D:2 |       0 |      33 |   0.0 |       0 |      17 |   0.0 |  1004
           D:3 |       0 |     305 |   0.0 |       0 |      26 |   0.0 |  1516
           D:4 |       0 |     555 |   0.0 |       0 |      10 |   0.0 |  1682
           D:5 |       0 |    1314 |   0.0 |       0 |      23 |   0.0 |  1645
           D:6 |       0 |     828 |   0.0 |       0 |      23 |   0.0 |  1352
           D:7 |       0 |    2471 |   0.0 |       0 |      31 |   0.0 |  1358
           D:8 |       0 |    1685 |   0.0 |       0 |      34 |   0.0 |   894
           D:9 |       0 |    4142 |   0.0 |       0 |      23 |   0.0 |  1244
          D:10 |       0 |    3369 |   0.0 |       0 |      42 |   0.0 |  1371
        Lair:1 |       0 |    5775 |   0.0 |       0 |      27 |   0.0 |  1011
        Lair:2 |       0 |    6365 |   0.0 |       0 |      27 |   0.0 |  1342
        Lair:3 |       0 |    7620 |   0.0 |       0 |      40 |   0.0 |  1616
        Bailey |       0 |    2261 |   0.0 |       0 |      16 |   0.0 |   471
               +---------+---------+-------+---------+---------+-------+---------
